 Dungeon Crawl Stone Soup version 0.22.1-1-ga44c0e5 (webtiles) character file.

18786 HoaS the Fighter (level 12, -1/121 HPs)
             Began as a Gargoyle Berserker on Oct 21, 2018.
             Was the Champion of Trog.
             Slain by Kirke (4 damage)
             ... on level 12 of the Dungeon.
             The game lasted 00:53:21 (11753 turns).

HoaS the Fighter (Gargoyle Berserker)              Turns: 11753, Time: 00:53:22

Health: -1/121     AC:  0    Str: 29    XL:     12   Next: 62%
Magic:  12/12      EV: 14    Int: 10    God:    Trog [******]
Gold:   2341       SH:  0    Dex:  9    Spells: 11/11 levels left

rFire    . . .     SeeInvis .     - Unarmed
rCold    . . .     Gourm    .   (shield currently unavailable)
rNeg     + . .     Faith    .   (armour currently unavailable)
rPois    ∞         Spirit   .   (helmet currently unavailable)
rElec    .         Reflect  .   (cloak currently unavailable)
rCorr    .         Harm     .   (gloves currently unavailable)
MR       .....                  (boots currently unavailable)
Stlth    ..........             (no amulet)
HPRegen  0.30/turn              (ring currently unavailable)
MPRegen  0.13/turn              (ring currently unavailable)

@: berserking, pig-form, marked, very quick
A: small, negative energy resistance 1, petrification resistance, rot immunity,
AC +8
a: Berserk, Trog's Hand, Brothers in Arms, Renounce Religion


You were on level 12 of the Dungeon.
You worshipped Trog.
Trog was exalted by your worship.
You were hungry.
You were a filthy swine.
You visited 1 branch of the dungeon, and saw 12 of its levels.
You also visited: Ossuary and Bailey.

You collected 2341 gold pieces.

Inventory:

Hand Weapons
 w - a +6 longbow
Missiles
 g - 239 arrows
Armour
 a - a +2 pair of gloves (melded)
 j - a +2 pair of boots (melded)
 o - a +0 plate armour (melded)
 q - a +2 cloak of poison resistance (melded)
 G - a +2 helmet (melded)
Jewellery
 p - a ring of see invisible (melded)
 r - a +2 ring of slaying
 I - an uncursed amulet of rage {unknown}
 J - a +2 ring of strength (melded)
Wands
 d - a wand of random effects (21)
 f - a wand of paralysis (12)
 h - a wand of polymorph (16)
 u - a wand of disintegration (16)
 x - a wand of enslavement (15)
 D - a wand of digging (14)
 E - a wand of iceblast (10)
 F - a wand of clouds (5)
 H - a wand of flame (37)
Scrolls
 k - 2 scrolls of fog
 n - 8 scrolls of teleportation
 y - 8 scrolls of remove curse
 K - a scroll of identify
 L - a scroll of blinking
Potions
 c - 2 potions of ambrosia
 e - 2 potions of mutation
 l - a potion of heal wounds
 m - 6 potions of lignification
 s - 3 potions of berserk rage
 t - 5 potions of haste
 v - 5 potions of flight
 z - a potion of cancellation {unknown}
 A - 3 potions of curing
 B - 2 potions of agility
 C - 3 potions of might
Comestibles
 b - 25 rations
 i - 9 chunks of flesh


   Skills:
 * Level 12.1 Fighting
 * Level 10.7 Bows
 + Level 9.0 Armour
 - Level 1.5 Dodging
 * Level 11.5 Unarmed Combat


You had 11 spell levels left.
You didn't know any spells.
Your spell library was empty.

Dungeon Overview and Level Annotations

Branches:
Dungeon (12/15)            Temple (0/1) D:4            Lair (0/6) D:9
    Orc (0/2) D:9

Altars:
Dithmenos
Fedhas
Gozag
Hepliaklqana
Kikubaaqudgha
Nemelex Xobeh
Sif Muna
Trog
Vehumet
Xom

Annotations:
D:12 2 runed doors, Kirke


Innate Abilities, Weirdness & Mutations

You are resistant to torment.
((Your stone body is resilient. (AC +8)))
You are immune to poison.
You resist negative energy. (rN+)
((You are resistant to electric shocks. (rElec)))
((You can survive without breathing.))
You are immune to petrification.
You are immune to rotting.


Message History

You bite Kirke!
Kirke is moderately wounded.
The hog misses you. Kirke hits you!
You bite Kirke!
Kirke is moderately wounded.
The hog closely misses you.
You barely miss Kirke.
Kirke is moderately wounded.
The hog bites you!
* * * LOW HITPOINT WARNING * * *
Kirke hits you!!
* * * LOW HITPOINT WARNING * * *
You bite Kirke!
Kirke is heavily wounded.
You bite Kirke!
Kirke is heavily wounded.
The hog bites you!
* * * LOW HITPOINT WARNING * * *
Kirke hits you.
You die...

### ..#######
#Z[......
#hh%.h.h. #h#
#h# #@# ##h##
##.cc##
##.#.#.#######
##.#...........
#.............#
#.###....####.#
#. ##....###


You could see Kirke, a centaur warrior, 4 hogs, a centaur and a centaur
skeleton.

Vanquished Creatures
  Gastronok (D:9)
  An unseen horror (D:11)
  3 cyclopes
  2 manticores (D:11)
  The ghost of Terandir the Slasher, a novice MiFi of Cheibriados (D:7)
  A gargoyle (D:10)
  Maurice (D:8)
  A komodo dragon (D:11)
  5 trolls
  A hornet (D:11)
  A hippogriff (shapeshifter) (D:12)
  A slime creature (D:8)
  A hippogriff (D:8)
  Sigmund (D:3)
  15 yaks
  A human (D:7)
  A wraith (D:12)
  2 wyverns
  A shadow (D:11)
  4 hogs (D:7)
  2 basilisks (D:9)
  A hungry ghost (D:12)
  3 vampire mosquitoes (D:8)
  An acid dragon (D:11)
  A hell hound (D:11)
  4 porcupines (D:9)
  2 phantoms
  4 orc warriors
  3 sky beasts
  2 necrophages
  An ogre (D:6)
  2 black bears
  4 centaurs
  3 big kobolds
  2 crocodiles (D:9)
  9 bullfrogs
  8 gnoll sergeants (Bailey)
  12 scorpions
  A water moccasin skeleton (D:9)
  5 killer bees
  4 wights (D:10)
  6 howler monkeys
  7 crimson imps
  A bullfrog zombie (D:8)
  A quasit (D:10)
  2 centaur skeletons
  3 jellies
  3 centaur zombies (Ossuary)
  8 orc wizards
  Crazy Yiuf (D:3)
  5 orc priests
  6 gnoll shamans (Bailey)
  8 hounds
  A human zombie (Ossuary)
  3 iguanas
  Natasha (thrice) (D:2)
  7 worker ants
  A big kobold zombie (Ossuary)
  2 hound zombies (D:6)
  2 hound skeletons
  3 mummies (Ossuary)
  17 gnolls
  3 scorpion zombies (Ossuary)
  17 adders
  2 shadow imps
  2 oozes (D:3)
  An adder zombie (D:5)
  2 adder skeletons
  2 worms (D:2)
  A dart slug (D:1)
  6 leopard geckos
  37 orcs
  9 bats
  5 giant cockroaches
  17 goblins
  9 hobgoblins
  14 jackals
  19 kobolds
  5 quokkas
  2 ball pythons
  7 frilled lizards
  3 goblin zombies (Ossuary)
  A hobgoblin zombie (Ossuary)
  2 jackal skeletons
  4 kobold zombies (Ossuary)
  3 orc zombies (Ossuary)
  6 rats
  A fungus (D:3)
389 creatures vanquished.

Vanquished Creatures (collateral kills)
  A hippogriff (D:8)
  A yak (D:8)
  A gnoll sergeant (D:8)
  2 gnolls (D:8)
  An adder zombie (D:8)
  2 orcs (D:8)
  A quokka (D:8)
9 creatures vanquished.

Vanquished Creatures (others)
  A bush (D:9)
  3 plants (D:9)
4 creatures vanquished.

Grand Total: 402 creatures vanquished

Notes
Turn   | Place    | Note
-------+----------+-------------------------------------------
     0 | D:1      | HoaS the Gargoyle Berserker began the quest for the Orb.
     0 | D:1      | Reached XP level 1. HP: 14/14 MP: 1/1
    70 | D:1      | Reached XP level 2. HP: 11/19 MP: 2/2
   475 | D:1      | Reached XP level 3. HP: 21/23 MP: 3/3
   622 | D:1      | Reached ** piety under Trog
   884 | D:2      | Reached XP level 4. HP: 20/29 MP: 4/4
  1036 | D:2      | Reached skill level 4 in Fighting
  1200 | D:2      | Found a faded altar of an unknown god.
  1422 | D:2      | Found a sparkling altar of Nemelex Xobeh.
  1459 | D:3      | Noticed Natasha
  1482 | D:2      | Killed Natasha
  1482 | D:2      | Reached XP level 5. HP: 33/33 MP: 5/5
  1521 | D:2      | Found a sparkling altar of Nemelex Xobeh.
  1582 | D:2      | Noticed Natasha
  1589 | D:2      | Killed Natasha
  1705 | D:2      | Found a faded altar of an unknown god.
  1877 | D:2      | Noticed Natasha
  1881 | D:2      | Killed Natasha
  2041 | D:3      | Reached *** piety under Trog
  2278 | D:3      | Reached XP level 6. HP: 38/39 MP: 6/6
  2319 | D:3      | Reached skill level 5 in Unarmed Combat
  2376 | D:3      | Found a deep blue altar of Sif Muna.
  2409 | D:3      | Noticed Sigmund
  2424 | D:3      | Killed Sigmund
  2424 | D:3      | Reached skill level 5 in Fighting
  2581 | D:3      | Found a runed door.
  2585 | D:3      | Noticed Crazy Yiuf
  2592 | D:3      | Killed Crazy Yiuf
  2685 | D:4      | Reached XP level 7. HP: 43/44 MP: 7/7
  2864 | D:4      | Found a staircase to the Ecumenical Temple.
  3011 | D:4      | Found a sand-covered staircase.
  3020 | Ossuary  | Entered an ossuary
  3120 | Ossuary  | Reached skill level 6 in Fighting
  3161 | Ossuary  | Reached **** piety under Trog
  3270 | Ossuary  | Reached XP level 8. HP: 46/52 MP: 8/8
  3306 | Ossuary  | Reached skill level 5 in Armour
  3363 | Ossuary  | Reached skill level 7 in Fighting
  3391 | Ossuary  | Identified a scroll of acquirement
  3654 | D:4      | You fall through a shaft for 2 floors!
  3729 | D:5      | Entered Level 5 of the Dungeon
  4119 | D:4      | Found a shadowy altar of Dithmenos.
  4328 | D:5      | Reached ***** piety under Trog
  4405 | D:5      | Reached skill level 1 in Bows
  4471 | D:5      | Reached XP level 9. HP: 59/59 MP: 9/9
  4514 | D:5      | Reached skill level 8 in Fighting
  4802 | D:5      | Found a bloodstained altar of Trog.
  4806 | D:5      | Found an ancient bone altar of Kikubaaqudgha.
  4807 | D:5      | Found a hazy altar of Hepliaklqana.
  4807 | D:5      | Found an opulent altar of Gozag.
  4808 | D:5      | Found a radiant altar of Vehumet.
  4809 | D:5      | Found a blossoming altar of Fedhas.
  5653 | D:7      | Reached skill level 5 in Bows
  5742 | D:7      | Found a large runed door.
  5742 | D:7      | Found a large runed door.
  6393 | D:7      | Noticed Terandir's ghost (novice MiFi)
  6408 | D:7      | Killed Terandir's ghost
  6408 | D:7      | Reached XP level 10. HP: 65/65 MP: 10/10
  6616 | D:8      | Noticed Maurice
  6631 | D:8      | Killed Maurice
  6724 | D:8      | Reached skill level 9 in Fighting
  6840 | D:8      | Received a gift from Trog
  7436 | D:9      | Found a shimmering altar of Xom.
  7719 | D:9      | Found a staircase to the Orcish Mines.
  7730 | D:9      | Received a gift from Trog
  7745 | D:9      | Found a flagged portal.
  7754 | Bailey   | Entered a bailey
  7910 | Bailey   | Reached XP level 11. HP: 69/72 MP: 11/11
  8001 | Bailey   | Received a gift from Trog
  8007 | Bailey   | Reached skill level 10 in Fighting
  8547 | D:9      | Noticed Gastronok
  8564 | D:9      | Killed Gastronok
  8564 | D:9      | Reached skill level 10 in Unarmed Combat
  8727 | D:9      | Found a staircase to the Lair.
  9109 | D:9      | Found the +3 warlock's mirror {reflect}
  9274 | D:10     | Entered Level 10 of the Dungeon
  9467 | D:10     | Reached ****** piety under Trog
  9537 | D:10     | Reached skill level 11 in Fighting
  9685 | D:10     | Found a deep blue altar of Sif Muna.
 10385 | D:11     | Found a labyrinth entrance.
 10432 | D:11     | Noticed a cyclops
 10432 | D:11     | Noticed an unseen horror
 10450 | D:11     | Killed a cyclops
 10450 | D:11     | Reached XP level 12. HP: 50/80 MP: 12/12
 10453 | D:11     | Reached skill level 10 in Bows
 11433 | D:12     | Found a large runed door.
 11433 | D:12     | Found a large runed door.
 11521 | D:12     | Reached skill level 12 in Fighting
 11546 | D:12     | Received a gift from Trog
 11738 | D:12     | Noticed Kirke
 11745 | D:12     | Noticed a centaur warrior
 11753 | D:12     | HP: 3/121 [hog[Kirke] (7)]
 11753 | D:12     | Slain by Kirke

Skill      XL: |  1  2  3  4  5  6  7  8  9 10 11 12 |
---------------+-------------------------------------+-----
Armour         | 3 4 5 6 7 8 9 |  9.0
Unarmed Combat | 4 5 6 7 8 9 10 11 | 11.5
Fighting       | 4 5 6 7 8 9 11 12 | 12.1
Bows           | 1 7 8 9 10 | 10.7
Dodging        | |  1.5

Action                   |  1- 3 |  4- 6 |  7- 9 | 10-12 || total
-------------------------+-------+-------+-------+-------++-------
Melee: Unarmed           |   135 |   248 |   452 |   719 ||  1554
       Punch             |     2 |     2 |    17 |    28 ||    49
 Fire: Shortbow          |       |       |    68 |    51 ||   119
       Longbow           |       |       |       |   133 ||   133
Invok: Berserk           |     1 |     1 |     3 |     4 ||     9
       Trog's Hand       |       |     2 |       |     1 ||     3
       Brothers in Arms  |       |       |       |     1 ||     1
  Use: Scroll            |     4 |     6 |    10 |    16 ||    36
       Potion            |       |       |       |     1 ||     1
  Eat: Chunk             |     1 |     8 |    14 |    21 ||    44
       Ration            |       |       |       |     1 ||     1
Armor: Animal skin       |    54 |       |       |       ||    54
       Ring mail         |       |   106 |    10 |       ||   116
       Chain mail        |       |       |   241 |   177 ||   418
       Plate armour      |       |       |       |   389 ||   389
Dodge: Dodged            |    92 |   134 |   182 |   277 ||   685
